 Dungeon Crawl Stone Soup version 0.28-b1-25-g9875b3fc8c (webtiles) character file.

Game seed: 8695760115169125529

44 pkoi the Skirmisher (level 3, -2/31 HPs)
             Began as a Draconian Warper on Feb 2, 2022.
             Slain by a worm (4 damage)
             ... on level 1 of the Dungeon.
             The game lasted 00:01:26 (1791 turns).

pkoi the Skirmisher (Draconian Warper)              Turns: 1791, Time: 00:01:26

Health: -2/31      AC:  5    Str: 13    XL:     3   Next: 41%
Magic:  6/6        EV: 12    Int: 15    God:
Gold:   34         SH:  5    Dex: 10    Spells: 4/6 levels left

rFire   . . .      SeeInvis .     - Unarmed
rCold   . . .      Faith    .   (no shield)
rNeg    . . .      Spirit   .   (armour unavailable)
rPois   .          Reflect  +   (helmet restricted)
rElec   .          Harm     .   (no cloak)
rCorr   .          Rampage  .   (no gloves)
Will    .....                   (no boots)
Stlth   +.........              h - amulet of reflection
HPRegen 0.10/turn               e - ring of wizardry
MPRegen 0.10/turn               (no ring)

@: no status effects
A: AC +5, unfitting armour, cold-blooded
a: no special abilities


You were on level 1 of the Dungeon.
You visited 1 branch of the dungeon, and saw 2 of its levels.

You collected 34 gold pieces.

Inventory:

Missiles
 b - 5 boomerangs of dispersal (quivered)
Jewellery
 e - a ring of wizardry (left hand)
 h - an amulet of reflection (around neck)
Scrolls
 a - a scroll of blinking
 g - a scroll of brand weapon {unknown}
Potions
 c - 2 potions of curing {unknown}
 d - 2 potions of brilliance {unknown}
 f - 2 potions of degeneration {unknown}


   Skills:
 + Level 3.3 Fighting
 - Level 0.8 Throwing
 + Level 2.9 Dodging
 * Level 2.1 Unarmed Combat
 - Level 2.0 Spellcasting
 - Level 3.0 Translocations


You had 4 spell levels left.
You knew the following spells:

 Your Spells              Type           Power      Damage    Failure   Level
a - Blink                 Tloc           20%        N/A       4%          2

Your spell library contained the following spells:

 Spells                   Type           Power      Damage    Failure   Level
 Gell's Gravitas          Tloc           10%        N/A       8%          3
 Lesser Beckoning         Tloc           10%        N/A       8%          3
 Teleport Other           Tloc           10%        N/A       8%          3
 Manifold Assault         Tloc           10%        N/A       54%         5


Dungeon Overview and Level Annotations

Branches:
Dungeon (2/15)

Altars:


Innate Abilities, Weirdness & Mutations

Your plain brown scales are hard. (AC +5)
You cannot fit into any form of body armour.
You are cold-blooded and may be slowed by cold attacks.


Message History

You hit the giant cockroach but do no damage.
The giant cockroach is almost dead.
The giant cockroach bites you but does no damage.
You hit the giant cockroach.
You kill the giant cockroach!
You hit the worm.
The worm is lightly wounded.
You completely miss the worm.
Your tail-slap misses the worm.
The worm is lightly wounded.
You barely miss the worm.
The worm is lightly wounded.
The endoplasm freezes you.
You are frozen.
You hit the worm but do no damage.
The worm is lightly wounded.
The worm closely misses you. The endoplasm freezes you.
You are frozen.
You hit the worm but do no damage. The worm bites you.
The endoplasm freezes you.
You are frozen.
You feel yourself slow down.
You are too injured to fight recklessly!
You are too injured to fight recklessly!
You are too injured to fight recklessly!
You are too injured to fight recklessly!
You are too injured to fight recklessly!
You are too injured to fight recklessly!
You are too injured to fight recklessly!
There is a stone staircase leading up here.
You feel yourself speed up. The endoplasm barely misses you.
You block the endoplasm's attack.
You climb upwards.
There is a stone staircase leading down here.
Unknown command.
You hit the endoplasm.
You kill the endoplasm!
The worm bites you!
* * * LOW HITPOINT WARNING * * *
The worm bites you.
You die...

# #.# #.# #.##.# #
#.# #.###.##.# #
##.## ###........#
#######
##...###..รท###.####
......#
#.....##.......#
#####.#
##...###...##### #
#.# ##.## ##.##
#.#####.#####w#
#...........@>#
#######.#######
####### #.# #.....#
#.# #.###.# #.#
#.###.####.#
#.#........#######
#.......##.......#
#...#.#.##..####.#


You could see a worm.

Vanquished Creatures
  2 dart slugs (D:1)
  7 ball pythons (D:1)
  4 bats (D:1)
  6 endoplasms (D:1)
  2 giant cockroaches
  2 goblins (D:1)
  3 hobgoblins (D:1)
  2 kobolds
  3 quokkas
  3 rats (D:1)
34 creatures vanquished.

Notes
Turn   | Place    | Note
-------+----------+-------------------------------------------
     0 | D:1      | pkoi the Draconian Warper began the quest for the Orb.
     0 | D:1      | Reached XP level 1. HP: 17/17 MP: 3/3
   238 | D:1      | Reached XP level 2. HP: 21/25 MP: 5/5
  1129 | D:1      | Reached XP level 3. HP: 16/31 MP: 6/6
  1577 | D:1      | Learned a level 2 spell: Blink
  1791 | D:1      | Slain by a worm

Illustrated notes

Levels and vault maps discovered:
D:1:      dpeg_arrival_signposts, layout_loops_corners
D:2:      layout_basic, basic_altar, hellmonk_ecumenical_altar_defaced_shrine,
          kennysheep_jessica_study

Skill      XL: |  1  2 |
---------------+-------+-----
Fighting       | 3 |  3.3
Throwing       | |  0.8
Dodging        | |  2.9
Unarmed Combat | |  2.1
Spellcasting   | |  2.0
Translocations | |  3.0

Action                   || total
-------------------------++-------
Melee: Unarmed           ||   127
       Tailslap          ||    16
       Punch             ||     1
Armor: Skin              ||    28
Dodge: Dodged            ||    80
Block: Other             ||     5
